[Event "Early-Titled-Tuesday-Blitz-April-23-2024"]
[Site "Chess.com"]
[Date "2024.04.23"]
[Round "6"]
[White "yobdc"]
[Black "Abund"]
[Result "0-1"]
[WhiteElo "2614"]
[BlackElo "2808"]
[TimeControl "180+1"]
[EndTime "9:11:05 PDT"]
[Termination "Abund won on time"]

1. d4 d5 2. Bf4 Nf6 3. Nc3 c5 4. e3 cxd4 5. exd4 a6 6. Nf3 Nc6 7. Ne5 Bd7 8. Be2 e6 9. O-O Qb6 10. Nxc6 Bxc6 11. Rb1 Be7 12. a3 O-O 13. Na2 Bb5 14.
c3 Bxe2 15. Qxe2 Rac8 16. Nb4 Bd6 17. Bg5 Ne4 18. Be3 Bb8 19. f3 Qc7 20. g3 Nd6 21. Bf4 Qd7 22. Nd3 Nc4 23. Bxb8 Rxb8 24. Rf2 b6 25. Re1 a5 26. f4 Rbe8 27. Qg4 Nd6 28. Rfe2 Re7 29. Nf2 Rfe8 30. h4 f5 31. Qf3 Ne4 32.
Nd3 Qd8 33. Ne5 Rc7 34. h5 Qf6 35. Rg2 Kh8 36. g4 fxg4 37. Qxg4 Rf8 38. Rf1 Qf5 39. h6 Qxg4 40. Rxg4 g6 41. Kg2 Rf5 42. Rh4 Kg8 43.
Rf3 Rf6 44. Kf1 Kf8 45. Ke2 Ke7 46. Kd3 Rc8 47. Kc2 Rcf8 48. Rhh3 Kd6 49. a4 Rf5 50.
Kd3 R5f6 51. Kc2 Ke7 52. Kd3 Nd6 53. Kc2 Rc8 54. Ng4 Rf5 55. Ne5 Ne4 56. Kd3 Rcf8 57. Kc2 Rc8 58. Kd3 g5 59. fxg5 Nf2+ 60. Ke2 Nxh3 61.
Rxh3 Rxg5 62. Rf3 Rf8 63. Rh3 Rg2+ 64. Kd3 Rf5 65. Nc6+ Kd6 66. Ne5 Ke7 67. Nc6+ Kf6 68. Ne5 Rfg5 69. Nd7+ Ke7 70. Nxb6 R5g3+ 71. Rxg3 Rxg3+ 72. Kd2 Rh3 73. b4 axb4 74. cxb4 Rxh6 75. a5 Rh2+ 76. Kc3 Ra2 77. Kb3 Ra1 78. Na4 Kd6 79. a6 Kc7 80. Nc5 h5 81. Kb2 Re1 82. a7 Re2+ 83. Kb3 Re3+ 84. Kb2 Re2+ 85. Kb3 Re3+ 86. Ka4 Re1 87. Kb5 Ra1 88. Nxe6+ Kb7 89. Kc5 h4 90. Nf4 Rf1 91. Nh3 Rf3 92. Ng5 Rg3 93. Ne6 h3 94. b5 Kxa7 95. Kc6 h2 96. b6+ Kb8 97. Nc5 Rg6+ 98. Kb5 h1=Q 99. Nd7+ Kb7 100. Nc5+ Kc8 101. b7+ Kb8 0-1

[Event "Early-Titled-Tuesday-Blitz-April-23-2024"]
[Site "Chess.com"]
[Date "2024.04.23"]
[Round "6"]
[White "Flawless_Fighter"]
[Black "2Coaches1Profile"]
[Result "1-0"]
[WhiteElo "2725"]
[BlackElo "2557"]
[TimeControl "180+1"]
[EndTime "9:11:07 PDT"]
[Termination "Flawless_Fighter won by resignation"]

1. Nf3 g5 2. Nxg5 e5 3. d4 Be7 4. Ne4 d5 5. Ng3 e4 6. Bf4 h5 7.
h4 Nf6 8. e3 c6 9. Be2 Bg4 10. Bg5 Nbd7 11. Nc3 Qb6 12. Bxg4 hxg4 13. Qd2 Qxb2 14. Rb1 Qa3 15. Rxb7 Bb4 16. Nge2 O-O-O 17. Rxb4 Qxb4 18. O-O Rdg8 19. Rb1 Qa5 20. g3 Ne8 21.
Bf4 Qa6 22. Kg2 Nc7 23. Rb4 Nb6 24. Qd1 Ne6 25. Be5 Rh6 26. Qb1 f6 27. Bd6 Kd7 28. Bc5 Rb8 29. a4 f5 30. Nf4 Nxf4+ 31. exf4 Rhh8 32.
a5 Qxa5 33. Qb3 Qa6 34. Ra4 Nxa4 35. Qxa4 Qxa4 36. Nxa4 Rb1 37. Nc3 Rhb8 38. Nxb1 Rxb1 39. Bxa7 Rc1 40. Bc5 Rxc2 41. Kf1 Ra2 42. Ke1 Ke6 43. Bb6 Kf7 44. Bc5 Kg6 45. Bd6 Kh5 46. Bc5 Rc2 47. Bb6 Rc4 48. Ke2 Rc2+ 49. Ke3 Rb2 50. Bc5 Rb3+ 51. Ke2 Rf3 52. Bb6 Rb3 53. Bc5 Rb2+ 54.
Ke3 Kg6 55. Bd6 Kf6 56. Bc5 Ke6 57. Ba7 Rb3+ 58. Ke2 Rb4 59. Bc5 Ra4 60. Ke3 Ra8 61.
Kd2 Kd7 62. Ke2 Kc7 63. Be7 Ra2+ 64. Ke3 Kd7 65. Bc5 Rc2 66. Bb4 Kc8 67. Bc5 Kb7 68. h5 Rc3+ 69. Kd2 Rf3 70. Ke2 Rc3 71. h6 Rc2+ 72.
Ke3 Rc1 73. Bf8 Rh1 74. Bg7 Ka6 75. Kd2 Kb5 76. Kc3 Rh5 77. Bf8 Rh2 78. Bg7 c5 79.
dxc5 Kxc5 80. Bd4+ Kb5 81. Bg7 Kc5 82. Bf8+ Kc6 83.
Kd4 Rh5 84. Bg7 Rh2 85. Bf8 Rh5 86. Ke5 Rh2 87. Kxf5 Kb5 88. Kg6 Kc4 89. h7 Rxh7 90. Kxh7 d4 91. f5 Kd3 92. Bh6 Ke2 93. f6 Kxf2 94. f7 e3 95. f8=Q+ Kg2 96. Qf4 e2 97. Qe4+ Kf1 98. Bd2 1-0

[Event "Early-Titled-Tuesday-Blitz-April-23-2024"]
[Site "Chess.com"]
[Date "2024.04.23"]
[Round "6"]
[White "SpongeBob_03"]
[Black "Unkreativ3"]
[Result "1/2-1/2"]
[WhiteElo "2262"]
[BlackElo "2578"]
[TimeControl "180+1"]
[EndTime "9:12:24 PDT"]
[Termination "Game drawn by agreement"]

1. d4 Nf6 2. c4 g6 3. Nc3 Bg7 4. g3 O-O 5. Bg2 d6 6. e4 c6 7.
Be3 Nbd7 8. Nge2 a6 9. h3 e5 10.
d5 c5 11. O-O Ne8 12. f4 f5 13.
Qd3 exf4 14. gxf4 fxe4 15. Bxe4 Ndf6 16. Bf2 Nxe4 17. Nxe4 Bf5 18. N2c3 Qd7 19. Kh2 Nf6 20. Nxf6+ Rxf6 21. Qf3 Raf8 22. Bh4 R6f7 23. Rae1 b5 24.
b3 Bxh3 25. Qxh3 Qxh3+ 26. Kxh3 Bxc3 27. Bg3 Bxe1 28. Rxe1 bxc4 29. bxc4 Rb8 30. Re6 Rb6 31. f5 Rxf5 32. Bxd6 Rb4 33. Re4 Rf3+ 34. Kg4 Rc3 35. Re8+ Kf7 36. Re7+ Kf6 37. Re6+ Kf7 38. Re7+ Kg8 39.
Re8+ Kg7 40. Re7+ Kh6 41. Bf4+ g5 42. Bxg5+ Kg6 43. Re6+ Kf7 44. Rf6+ Ke8 45. Re6+ Kd7 46. Re7+ Kd6 47. Re6+ Kd7 48. Re7+ Kc8 49. Re8+ Kb7 50. Re7+ Kb6 51. Re6+ Ka5 52. Bd8+ Rb6 53. Rxb6 Rxc4+ 54. Kf5 Rd4 55. d6 c4 56. Rb1+ Ka4 57. Ke6 c3 58. d7 Ka3 59. Be7+ Kxa2 60. Rc1 Kb2 61. Rxc3 Rxd7 62.
Rh3 Rb7 63. Rxh7 a5 64. Rh5 a4 65. Ra5 Kb3 66. Bd6 Rb6 67. Kd5 Rb7 68. Bc5 Rd7+ 69.
Kc6 Rh7 70. Rb5+ Kc3 71. Kb6 Rh6+ 72. Ka5 Kc4 73. Bb6 Rc6 74. Kxa4 Kd3 75. Rd5+ Ke4 76.
Rb5 Rc4+ 77. Ka5 Rc6 78. Ka6 Re6 79. Kb7 Re5 80. Rb4+ Kf5 81. Rb3 Re4 82. Rf3+ Rf4 83. Rc3 Re4 84. Rc5+ Re5 85. Rc8 Re7+ 86. Ka6 Re6 87. Kb5 Ke4 88. Kc5 Re5+ 89. Kc4 Re6 90. Bd4 Re7 91. Bc5 Re6 92. Rh8 Re5 93. Rh4+ Kf3 94.
Kd4 Re8 95. Rh3+ Kg4 96. Rh1 Re6 97. Rg1+ Kf5 98. Kd5 Re5+ 99. Kd4 Re4+ 100. Kd3 Re6 101. Rf1+ Kg4 102. Kd4 Rg6 103. Ke5 Kg5 104. Rg1+ Kh5 105. Rh1+ Kg4 106. Be3 Ra6 107. Rg1+ Kf3 108. Kd5 Kxe3 109. Rg3+ 1/2-1/2

[Event "Early-Titled-Tuesday-Blitz-April-23-2024"]
[Site "Chess.com"]
[Date "2024.04.23"]
[Round "7"]
[White "jinxy2009"]
[Black "balack95"]
[Result "1-0"]
[WhiteElo "2318"]
[BlackElo "2434"]
[TimeControl "180+1"]
[EndTime "9:13:28 PDT"]
[Termination "jinxy2009 won by checkmate"]

1. e4 c5 2. Nf3 e6 3. d4 cxd4 4.
Nxd4 Nc6 5. Nc3 Qc7 6. Be3 a6 7.
g4 h6 8. h4 b5 9. Nxc6 Qxc6 10. Qd2 Bb7 11. O-O-O b4 12. Ne2 Qxe4 13. Qxd7# 1-0

[Event "Early-Titled-Tuesday-Blitz-April-23-2024"]
[Site "Chess.com"]
[Date "2024.04.23"]
[Round "7"]
[White "HATilay"]
[Black "giovannibrandao7"]
[Result "1-0"]
[WhiteElo "2645"]
[BlackElo "2340"]
[TimeControl "180+1"]
[EndTime "9:13:59 PDT"]
[Termination "HATilay won by resignation"]

1. e4 c5 2. Nf3 Nc6 3. Bb5 g6 4. Bxc6 bxc6 5. O-O Bg7 6. h3 e5 7. c3 Ne7 8. d4 cxd4 9. cxd4 exd4 10. Nxd4 O-O 11.
Nc3 d5 12. Bg5 h6 13. Nxc6 1-0

[Event "Early-Titled-Tuesday-Blitz-April-23-2024"]
[Site "Chess.com"]
[Date "2024.04.23"]
[Round "7"]
[White "yonaltimur"]
[Black "sterpfi"]
[Result "0-1"]
[WhiteElo "2396"]
[BlackElo "2263"]
[TimeControl "180+1"]
[EndTime "9:14:53 PDT"]
[Termination "sterpfi won by resignation"]

1. e4 e6 2. d4 d5 3. Nc3 Bb4 4. e5 c5 5. a3 Bxc3+ 6. bxc3 Ne7 7. Qg4 O-O 8. Bd3 f5 9. exf6 Rxf6 10. Bg5 Rf7 11. Qh4 h6 12. Be3 Qa5 13. Kd2 c4 14. Be2 Nf5 15. Qh5 Nc6 16. Nf3 e5 17. dxe5 d4 18. Bxc4 Qxc3+ 19. Ke2 Qxc4+ 0-1

[Event "Early-Titled-Tuesday-Blitz-April-23-2024"]
[Site "Chess.com"]
[Date "2024.04.23"]
[Round "7"]
[White "baki83"]
[Black "Timerkhanov"]
[Result "0-1"]
[WhiteElo "2884"]
[BlackElo "2653"]
[TimeControl "180+1"]
[EndTime "9:15:14 PDT"]
[Termination "Timerkhanov won by resignation"]

1. e4 c5 2. Nf3 a6 3. c3 d5 4. exd5 Qxd5 5. d4 Nf6 6. Be3 cxd4 7. cxd4 e6 8. Nc3 Qd6 9. Bd3 Nc6 10. Rc1 Be7 11. O-O O-O 12. Re1 b5 13. Ne4 Nxe4 14. Bxe4 Bb7 15. Qc2 Nb4 16. Bxh7+ Kh8 17. Qb1 Bxf3 18.
a3 Nd5 19. gxf3 g6 20. Bh6 Kxh7 21. Bxf8 Rxf8 22. Qe4 Bf6 23. Rc5 Kg7 24. Rec1 Rh8 0-1

[Event "Early-Titled-Tuesday-Blitz-April-23-2024"]
[Site "Chess.com"]
[Date "2024.04.23"]
[Round "7"]
[White "David_George21"]
[Black "ozates"]
[Result "0-1"]
[WhiteElo "2335"]
[BlackElo "2554"]
[TimeControl "180+1"]
[EndTime "9:15:31 PDT"]
[Termination "ozates won by resignation"]

1. e4 e5 2. Nf3 Nc6 3. Bb5 a6 4.
Ba4 d6 5. d4 exd4 6. Nxd4 Bd7 7. Bxc6 bxc6 8. O-O g6 9. Nc3 Bg7 10. Be3 Nf6 11. f3 O-O 12. Qd2 c5 13. Nb3 a5 14.
a4 Qb8 15. Rab1 Qb4 16. Bh6 Bxa4 17. Nxa4 Qxa4 18. Bxg7 Kxg7 19. Ra1 Qb4 20. Rxa5 Qxd2 0-1

[Event "Early-Titled-Tuesday-Blitz-April-23-2024"]
[Site "Chess.com"]
[Date "2024.04.23"]
[Round "7"]
[White "GeorgiosSouleidis"]
[Black "Gryffindorac8"]
[Result "1-0"]
[WhiteElo "2654"]
[BlackElo "2448"]
[TimeControl "180+1"]
[EndTime "9:15:58 PDT"]
[Termination "GeorgiosSouleidis won by resignation"]

1. e4 c5 2. Be2 d6 3. d3 Nf6 4. f4 g6 5. Nf3 Bg7 6. O-O O-O 7.
c3 Nc6 8. Kh1 Rb8 9. Be3 b5 10. a3 a5 11. Nbd2 b4 12. d4 bxc3 13.
bxc3 cxd4 14. cxd4 d5 15. e5 Ng4 16. Bg1 Nh6 17. Nb3 Bg4 18. Rc1 Rb6 19. Nc5 e6 20.
Na4 Bxf3 21. Rxf3 Nf5 22. Nxb6 Qxb6 23. Rb3 Qc7 24. Rbc3 Nfe7 25. Bb5 1-0

[Event "Early-Titled-Tuesday-Blitz-April-23-2024"]
[Site "Chess.com"]
[Date "2024.04.23"]
[Round "7"]
[White "Unkreativ3"]
[Black "StelaSfw"]
[Result "1-0"]
[WhiteElo "2578"]
[BlackElo "1691"]
[TimeControl "180+1"]
[EndTime "9:16:08 PDT"]
[Termination "Unkreativ3 won by resignation"]

1. e4 c6 2. d4 d5 3. e5 Bf5 4. g4 Bg6 5. h4 h5 6. e6 fxe6 7. Bd3 Bxd3 8. Qxd3 Nf6 9. g5 Ne4 10. f3 Nd6 11. Bf4 Nf5 12. Ne2 Nd7 13. Ng3 g6 14. Nd2 Bg7 15. Nb3 Qb6 16. O-O-O O-O-O 17. Rde1 c5 18. Nxf5 gxf5 19. dxc5 Nxc5 20. Qe2 Qb5 21. Qxb5 1-0

[Event "Early-Titled-Tuesday-Blitz-April-23-2024"]
[Site "Chess.com"]
[Date "2024.04.23"]
[Round "7"]
[White "Sadykov_Ramil"]
[Black "praveenb2002"]
[Result "0-1"]
[WhiteElo "2627"]
[BlackElo "2882"]
[TimeControl "180+1"]
[EndTime "9:16:11 PDT"]
[Termination "praveenb2002 won by resignation"]

1. e4 c6 2. Nf3 d5 3. d3 Qc7 4. Qe2 dxe4 5. dxe4 e5 6. g3 Nf6 7. Bg2 Be7 8. O-O O-O 9. a4 a5 10. h3 b6 11. Nbd2 Ba6 12. Nc4 Nbd7 13. b3 b5 14. axb5 cxb5 15. Nxa5 b4 0-1

[Event "Early-Titled-Tuesday-Blitz-April-23-2024"]
[Site "Chess.com"]
[Date "2024.04.23"]
[Round "7"]
[White "bescmelasti"]
[Black "SHIVACalypso"]
[Result "1-0"]
[WhiteElo "2604"]
[BlackElo "2451"]
[TimeControl "180+1"]
[EndTime "9:16:17 PDT"]
[Termination "bescmelasti won by resignation"]

1. Nc3 b6 2. f4 Bb7 3. Nf3 g6 4.
e4 Bg7 5. d4 e6 6. Bd3 Ne7 7.
O-O d5 8. e5 c5 9. Be3 cxd4 10.
Nxd4 Nbc6 11. Ncb5 O-O 12. Qd2 a6 13. Nd6 Nxd4 14.
Bxd4 Bc6 15. Rae1 Nc8 16. Nxc8 Qxc8 17. Bxb6 Qb7 18. Bd4 Bb5 19. g4 Rfc8 20. f5 exf5 21. gxf5 Bxd3 22. Qxd3 Rc4 23. b3 Rxd4 24. Qxd4 Rc8 25.
f6 Bf8 26. e6 1-0

[Event "Early-Titled-Tuesday-Blitz-April-23-2024"]
[Site "Chess.com"]
[Date "2024.04.23"]
[Round "7"]
[White "Bogdan_Bodnar"]
[Black "jraosam"]
[Result "0-1"]
[WhiteElo "2216"]
[BlackElo "1997"]
[TimeControl "180+1"]
[EndTime "9:16:26 PDT"]
[Termination "jraosam won by resignation"]

1. c4 e5 2. Nc3 Nc6 3. g3 g6 4. Bg2 Bg7 5. e4 Nge7 6. Nge2 O-O 7. O-O d6 8. f4 Be6 9. d3 Nd4 10. h3 Qd7 11. Kh2 f5 12. Be3 c6 13. Rb1 a5 14. a3 Rfb8 15. b4 axb4 16. axb4 Ra3 17. b5 Rba8 18. bxc6 bxc6 19. exf5 Nexf5 20. Bxd4 exd4 21. Ne4 Ne3 22. Qc2 Nxc2 0-1

[Event "Early-Titled-Tuesday-Blitz-April-23-2024"]
[Site "Chess.com"]
[Date "2024.04.23"]
[Round "7"]
[White "jakopogi"]
[Black "jinbojinbo"]
[Result "1-0"]
[WhiteElo "2800"]
[BlackElo "2644"]
[TimeControl "180+1"]
[EndTime "9:16:29 PDT"]
[Termination "jakopogi won by resignation"]

1. d4 Nf6 2. c4 g6 3. Nc3 Bg7 4. e4 d6 5. Be3 O-O 6. f3 c5 7. Nge2 cxd4 8. Nxd4 Bd7 9. Qd2 Nc6 10. Be2 Nxd4 11.
Bxd4 a5 12. O-O Bc6 13. Rfd1 Nd7 14. Bxg7 Kxg7 15. Kf2 a4 16. Qe3 Qa5 17. Nd5 Bxd5 18. Rxd5 Qc7 19. h4 Ra5 20. Rad1 h5 21. Qc3+ 1-0

[Event "Early-Titled-Tuesday-Blitz-April-23-2024"]
[Site "Chess.com"]
[Date "2024.04.23"]
[Round "7"]
[White "Kostukov_Alex"]
[Black "SharapovEvgeny"]
[Result "0-1"]
[WhiteElo "2340"]
[BlackElo "2621"]
[TimeControl "180+1"]
[EndTime "9:16:31 PDT"]
[Termination "SharapovEvgeny won by resignation"]

1. g3 c5 2. Bg2 Nc6 3. c4 g6 4.
Nf3 Bg7 5. O-O e5 6. Nc3 d6 7. d3 Nge7 8. Bd2 O-O 9. Rb1 Rb8 10. a3 a5 11. Ne1 Be6 12. Nd5 b5 13. Nxe7+ Nxe7 14. Qc2 b4 15. axb4 axb4 16. Ra1 Qd7 17. Qa4 Qxa4 18. Rxa4 d5 19. b3 dxc4 20. dxc4 Nf5 21. Nc2 Nd4 22. Nxd4 exd4 23. Be4 f5 24. Bd3 Ra8 25. Rfa1 Rxa4 26. Rxa4 Rc8 27. Be3 dxe3 0-1

[Event "Early-Titled-Tuesday-Blitz-April-23-2024"]
[Site "Chess.com"]
[Date "2024.04.23"]
[Round "7"]
[White "IM_ArthurDW08"]
[Black "CristianS27"]
[Result "1-0"]
[WhiteElo "2731"]
[BlackElo "2557"]
[TimeControl "180+1"]
[EndTime "9:16:32 PDT"]
[Termination "IM_ArthurDW08 won by resignation"]

1. e4 e5 2. Nf3 Nc6 3. Bc4 Nf6 4. d3 Bc5 5. c3 d6 6. Bg5 h6 7.
Bh4 a5 8. O-O Be6 9. Bb5 O-O 10.
d4 exd4 11. cxd4 Na7 12. Bd3 Bb6 13. e5 dxe5 14. dxe5 g5 15. Nxg5 Qd4 16. Nf3 Qxb2 17. Bxf6 Qxa1 18. Qd2 1-0

[Event "Early-Titled-Tuesday-Blitz-April-23-2024"]
[Site "Chess.com"]
[Date "2024.04.23"]
[Round "7"]
[White "LeoLV10"]
[Black "only_strong_moves"]
[Result "0-1"]
[WhiteElo "2500"]
[BlackElo "2706"]
[TimeControl "180+1"]
[EndTime "9:16:42 PDT"]
[Termination "only_strong_moves won by resignation"]

1. e4 d5 2. exd5 Qxd5 3. Nc3 Qa5 4. Bc4 Nf6 5. d3 Bg4 6. f3 Bh5 7. Bd2 c6 8. Qe2 Qc7 9. g4 Bg6 10. O-O-O e6 11. f4 Be7 12. Re1 Kf8 13. Nh3 b5 14.
Bb3 a5 15. a4 Na6 16. Ng5 Nc5 17. Ba2 h6 18. d4 b4 19. Nd1 b3 20. cxb3 Nd3+ 21.
Kb1 Nxf4+ 0-1

[Event "Early-Titled-Tuesday-Blitz-April-23-2024"]
[Site "Chess.com"]
[Date "2024.04.23"]
[Round "7"]
[White "dropstoneDP"]
[Black "Flawless_Fighter"]
[Result "1-0"]
[WhiteElo "3015"]
[BlackElo "2722"]
[TimeControl "180+1"]
[EndTime "9:16:52 PDT"]
[Termination "dropstoneDP won by resignation"]

1. e4 c5 2. Nf3 d6 3. d4 cxd4 4. Nxd4 Nf6 5. Bd3 e5 6. Nf3 Be7 7. O-O Nbd7 8. c4 Nc5 9. Nc3 Nxd3 10. Qxd3 Be6 11. Bg5 h6 12. Bxf6 Bxf6 13. Rfd1 Be7 14. c5 O-O 15. cxd6 Bf6 16. Nd5 Rc8 17. d7 Rc6 18.
Nxf6+ gxf6 19. Nh4 Kh7 20. Nf5 Rc7 21. Qh3 Bxf5 22.
Qxf5+ Kh8 23. Rd6 Kg7 24. Rad1 Qe7 25. d8=Q Rxd8 26. Rxd8 1-0

[Event "Early-Titled-Tuesday-Blitz-April-23-2024"]
[Site "Chess.com"]
[Date "2024.04.23"]
[Round "7"]
[White "RobertoJBM"]
[Black "Thunderbolt135"]
[Result "0-1"]
[WhiteElo "2832"]
[BlackElo "2682"]
[TimeControl "180+1"]
[EndTime "9:16:58 PDT"]
[Termination "Thunderbolt135 won by resignation"]

1. d4 Nf6 2. c4 e6 3. Nf3 d5 4.
Nc3 c6 5. Bg5 h6 6. Bh4 Be7 7.
e3 O-O 8. Bd3 Nbd7 9. O-O dxc4 10. Bxc4 b5 11. Be2 a6 12. a4 b4 13. Nb1 a5 14. Nbd2 c5 15. Nc4 Bb7 16. Rc1 Ne4 17. Bxe7 Qxe7 18. Bd3 cxd4 19. exd4 Rfd8 20. Qe2 Ng5 21.
Nfe5 Nxe5 22. dxe5 Rd4 23. Nd6 Nh3+ 24. Kh1 Bxg2+ 25.
Kxg2 Nf4+ 26. Kh1 Nxe2 27. Bxe2 Qg5 0-1

[Event "Early-Titled-Tuesday-Blitz-April-23-2024"]
[Site "Chess.com"]
[Date "2024.04.23"]
[Round "7"]
[White "Kildepiotr"]
[Black "michaelq2d5"]
[Result "1-0"]
[WhiteElo "2722"]
[BlackElo "2909"]
[TimeControl "180+1"]
[EndTime "9:17:00 PDT"]
[Termination "Kildepiotr won by resignation"]

1. Nf3 d5 2. g3 Nf6 3. Bg2 Bf5 4. c4 e6 5. cxd5 exd5 6. O-O c6 7. d3 Be7 8. Qb3 Qb6 9. Qc2 O-O 10. Nc3 h6 11. e4 Bh7 12. Be3 Qa6 13. h3 Nbd7 14. Rad1 Rfe8 15. e5 Nh5 16. g4 d4 17. Nxd4 Nxe5 18.
gxh5 Bxd3 19. Rxd3 Qxd3 20. Qxd3 Nxd3 21. Nf5 Bf6 22.
Ne4 Bxb2 23. Rd1 Ne5 24. Rb1 Nc4 25. Nfd6 Nxe3 26. fxe3 1-0

[Event "Early-Titled-Tuesday-Blitz-April-23-2024"]
[Site "Chess.com"]
[Date "2024.04.23"]
[Round "7"]
[White "osielchesslover2011"]
[Black "stepanosinovsky"]
[Result "1-0"]
[WhiteElo "2216"]
[BlackElo "2370"]
[TimeControl "180+1"]
[EndTime "9:17:16 PDT"]
[Termination "osielchesslover2011 won by resignation"]

1. e4 e5 2. Nf3 Nc6 3. Bb5 a6 4. Ba4 Nf6 5. O-O Be7 6. Re1 b5 7.
Bb3 O-O 8. c3 d5 9. exd5 Nxd5 10. Nxe5 Nxe5 11. Rxe5 c6 12. d4 Bd6 13. Re1 Qh4 14. g3 Qh3 15. Be3 Bg4 16. Qd3 f5 17. Qf1 Qh5 18. f4 h6 19. Nd2 g5 20. a4 Kh8 21. axb5 axb5 22. Rxa8 Rxa8 23. Bxd5 cxd5 24.
Qxb5 gxf4 25. Qxd5 Rg8 26. Qxd6 fxe3 27. Rxe3 f4 28.
Qf6+ Rg7 29. Re7 Qg5 30. Qxg7+ Qxg7 31. Rxg7 Kxg7 32. gxf4 1-0

[Event "Early-Titled-Tuesday-Blitz-April-23-2024"]
[Site "Chess.com"]
[Date "2024.04.23"]
[Round "7"]
[White "EliteChess0967"]
[Black "Crazy_girl99"]
[Result "0-1"]
[WhiteElo "2430"]
[BlackElo "2608"]
[TimeControl "180+1"]
[EndTime "9:17:17 PDT"]
[Termination "Crazy_girl99 won by checkmate"]

1. d4 Nf6 2. c4 e6 3. Nf3 Bb4+ 4. Bd2 Qe7 5. g3 d5 6. Bg2 Nc6 7. cxd5 exd5 8. O-O O-O 9. a3 Bd6 10. Nc3 Bf5 11. Bg5 Be6 12. e4 dxe4 13. Nxe4 Bf5 14. Nxf6+ gxf6 15. Bh6 Rfe8 16. Nh4 Bg6 17. Re1 Qd7 18. Qa4 Rxe1+ 19. Rxe1 Re8 20. Rf1 Bd3 21. Rd1 b5 22. Qa6 Nxd4 23. Rxd3 Re1+ 24. Bf1 Qh3 25.
Ng2 Ne2+ 26. Kh1 Rxf1# 0-1

[Event "Early-Titled-Tuesday-Blitz-April-23-2024"]
[Site "Chess.com"]
[Date "2024.04.23"]
[Round "7"]
[White "KogotBobra17"]
[Black "klimkoj"]
[Result "1-0"]
[WhiteElo "2774"]
[BlackElo "2908"]
[TimeControl "180+1"]
[EndTime "9:17:26 PDT"]
[Termination "KogotBobra17 won by resignation"]

1. e4 e6 2. d4 d5 3. e5 c5 4. c3 Nc6 5. Nf3 f6 6. Bd3 Bd7 7. O-O Qb6 8. Na3 cxd4 9. cxd4 Nb4 10.
Be2 f5 11. Bd2 Nh6 12. Bxh6 gxh6 13. Nc2 Rg8 14. Nxb4 Qxb4 15. Rc1 Be7 16. Ne1 Qxb2 17. Bh5+ Kd8 18. Rb1 Qxa2 19. Rxb7 Qa6 20. Qb1 Bb5 21. Rxb5 Rc8 22. Nd3 Qa4 23. Nf4 1-0

[Event "Early-Titled-Tuesday-Blitz-April-23-2024"]
[Site "Chess.com"]
[Date "2024.04.23"]
[Round "7"]
[White "BashirliSaadat"]
[Black "DanielNaroditsky"]
[Result "0-1"]
[WhiteElo "2395"]
[BlackElo "2996"]
[TimeControl "180+1"]
[EndTime "9:17:29 PDT"]
[Termination "DanielNaroditsky won by resignation"]

1. d4 Nf6 2. e3 g6 3. Bd3 Bg7 4. f4 O-O 5. Nf3 d6 6. O-O Nc6 7.
c3 e5 8. fxe5 dxe5 9. Nbd2 Re8 10. Qc2 exd4 11. exd4 Nd5 12. Ne4 Ndb4 13. cxb4 Nxb4 14.
Qc3 Nxd3 15. Qxd3 Bf5 16. Re1 Qd5 17. Nfd2 Rad8 18. Qf3 Qxd4+ 19. Kf1 Bh6 20. g4 Bxd2 21. Nxd2 Bd3+ 22. Kg2 Rxe1 23. Nb3 Qg1+ 0-1

[Event "Early-Titled-Tuesday-Blitz-April-23-2024"]
[Site "Chess.com"]
[Date "2024.04.23"]
[Round "7"]
[White "DonJuanEGenaro"]
[Black "Nikita_Klepikov"]
[Result "1-0"]
[WhiteElo "2050"]
[BlackElo "2344"]
[TimeControl "180+1"]
[EndTime "9:17:31 PDT"]
[Termination "DonJuanEGenaro won by resignation"]

1. d4 Nf6 2. Nf3 d6 3. Bf4 b6 4. e3 Bb7 5. Bc4 h6 6. h3 e6 7. a4 a6 8. Nbd2 Nbd7 9. Qe2 d5 10. Bd3 c5 11. c3 Be7 12. O-O O-O 13. e4 dxe4 14. Nxe4 Nxe4 15. Bxe4 Bxe4 16. Qxe4 cxd4 17. Qxd4 Bc5 18. Qc4 Qc8 19. Qd3 Rd8 20. Rfd1 Nf6 21. Qe2 Qb7 22. b4 Be7 23. Ne5 Nd5 24. Qf3 Nxf4 25. Qxb7 1-0

[Event "Early-Titled-Tuesday-Blitz-April-23-2024"]
[Site "Chess.com"]
[Date "2024.04.23"]
[Round "7"]
[White "wild3000"]
[Black "SlavenPastar"]
[Result "0-1"]
[WhiteElo "2483"]
[BlackElo "2632"]
[TimeControl "180+1"]
[EndTime "9:17:32 PDT"]
[Termination "SlavenPastar won by resignation"]

1. d4 b6 2. Nf3 Bb7 3. e3 g6 4. Be2 Bg7 5. O-O Nf6 6. c4 O-O 7. b3 c5 8. Bb2 cxd4 9. Nxd4 Nc6 10. Nc3 Nxd4 11. exd4 d5 12. c5 bxc5 13. dxc5 e5 14. b4 d4 15. Nb5 a6 16. Nd6 Bd5 17. a4 Ne8 18. Nxe8 Rxe8 19. b5 axb5 20. axb5 Rxa1 21. Qxa1 Qg5 22. f3 Qe3+ 23. Rf2 d3 24. Bc1 Qxc5 25. Bxd3 e4 26. Qb1 exd3 27. Kf1 Bc3 28. Bf4 d2 29. Bxd2 Bc4+ 30. Kg1 Bxd2 0-1

[Event "Early-Titled-Tuesday-Blitz-April-23-2024"]
[Site "Chess.com"]
[Date "2024.04.23"]
[Round "7"]
[White "Cipy77"]
[Black "JaackCamel"]
[Result "1-0"]
[WhiteElo "2554"]
[BlackElo "2189"]
[TimeControl "180+1"]
[EndTime "9:17:33 PDT"]
[Termination "Cipy77 won by resignation"]

1. a3 d5 2. e3 c5 3. c4 e6 4. b3 Nf6 5. Bb2 Be7 6. cxd5 exd5 7.
Nf3 O-O 8. Be2 Nc6 9. O-O a6 10. d4 Bf5 11. dxc5 Bxc5 12. Nbd2 d4 13. exd4 Nxd4 14. b4 Bb6 15. Nxd4 Bxd4 16. Bxd4 Qxd4 17. Nb3 Qxd1 18. Bxd1 Be4 19. Nc5 Bc6 20. Bb3 Ne4 21. Nxe4 Bxe4 22. Rfe1 Rfe8 23. Rad1 Bc6 24. f3 Rad8 25.
Kf2 Kf8 26. Rxe8+ Kxe8 27. Bxf7+ Ke7 28. Rxd8 Kxd8 29. Ke3 Ke7 30. Bg8 h6 31. h4 Kf6 32.
Kd4 Kf5 33. Bd5 Kf4 34. Bxc6 bxc6 35. Kc5 Kg3 36. Kxc6 Kxg2 37. a4 Kxf3 38. h5 Kg4 39.
b5 axb5 40. axb5 Kxh5 41. b6 g5 42. b7 Kh4 43. b8=Q h5 44. Qh2+ Kg4 45. Kd5 h4 46. Ke4 Kh5 47. Kf5 1-0

[Event "Early-Titled-Tuesday-Blitz-April-23-2024"]
[Site "Chess.com"]
[Date "2024.04.23"]
[Round "7"]
[White "LeRoidesChampions"]
[Black "Silvederione"]
[Result "0-1"]
[WhiteElo "2607"]
[BlackElo "2493"]
[TimeControl "180+1"]
[EndTime "9:17:40 PDT"]
[Termination "Silvederione won by resignation"]

1. d4 Nf6 2. Nc3 d5 3. Bf4 c5 4. e4 Nxe4 5. Nxe4 dxe4 6. dxc5 Qa5+ 7. c3 Qxc5 8. Qa4+ Nc6 9. Qxe4 g6 10. Nf3 Bg7 11.
Qe3 Qa5 12. h4 h5 13. Bc4 O-O 14. Rd1 Bg4 15. O-O e5 16. Bh6 Bxf3 17. Bxg7 Kxg7 18.
Qxf3 Rad8 19. Rxd8 Qxd8 20. Rd1 Qxh4 21. Rd7 Qxc4 22. Rxb7 e4 23. Qe3 Rd8 24. b3 Rd1+ 25. Kh2 Qe6 26. c4 Qe5+ 27. g3 Nd4 28. f4 Nf3+ 29. Qxf3 exf3 30. fxe5 f2 31. e6 f1=Q 32. Rxf7+ Qxf7 33. exf7 Kxf7 0-1

[Event "Early-Titled-Tuesday-Blitz-April-23-2024"]
[Site "Chess.com"]
[Date "2024.04.23"]
[Round "7"]
[White "js20000"]
[Black "JiaHaoxiang"]
[Result "0-1"]
[WhiteElo "2727"]
[BlackElo "2594"]
[TimeControl "180+1"]
[EndTime "9:17:41 PDT"]
[Termination "JiaHaoxiang won by resignation"]

1. b3 b6 2. Bb2 Bb7 3. Nf3 e6 4. g3 Nf6 5. Bg2 c5 6. O-O Be7 7. c4 O-O 8. d4 cxd4 9. Qxd4 Nc6 10. Qc3 Rc8 11. Rd1 d5 12. Qe1 Qc7 13. cxd5 Nxd5 14.
Nc3 Ncb4 15. Rac1 Nxc3 16. Rxc3 Qb8 17. Rd7 Nd5 18. Rd3 Bc6 19. R3xd5 Bxd5 20. Rxe7 Rc2 21. Be5 Qc8 22. Qb4 Rc1+ 23. Bf1 Qc2 24. Rc7 Qxe2 25.
Nd2 Rxf1+ 26. Nxf1 Qf3 0-1